 Dungeon Sprint DCSS version 0.28-a0-390-gb254ac4902 (webtiles) character file.

Game seed: 14017461399940728967

50 MikeHunt the Magician (level 3, -2/24 HPs)
             Began as a Demonspawn Ice Elementalist on Sept 3, 2021.
             Slain by a water elemental (11 damage)
             ... in the Dungeon (Sprint III: "The Ten Rune Challenge").
             The game lasted 00:01:30 (381 turns).

MikeHunt the Magician (Demonspawn Ice Elementalist)  Turns: 381, Time: 00:01:31

Health: -2/24      AC:  2    Str:  8    XL:     3   Next: 55%
Magic:  5/10       EV: 12    Int: 17    God:
Gold:   23         SH:  0    Dex: 13    Spells: 9/13 levels left

rFire   . . .      SeeInvis .   h - +0 dagger
rCold   . . .      Faith    .   (no shield)
rNeg    . . .      Spirit   .   a - +0 robe
rPois   .          Reflect  .   (helmet restricted)
rElec   .          Harm     .   (no cloak)
rCorr   .          Rampage  .   (no gloves)
Will    .....      NoTele   +   (no boots)
Stlth   ++........              (no amulet)
HPRegen 0.08/turn               (no ring)
MPRegen 0.12/turn               (no ring)

@: freezing walls
A: antennae 1
a: no special abilities


You were in the Dungeon.
You visited 1 branch You collected 23 gold pieces.

Inventory:

Hand Weapons
 h - a +0 dagger (weapon)
Armour
 a - a +0 robe (worn)
Scrolls
 g - a scroll of blinking
 i - a scroll of immolation {unknown}
 j - 2 scrolls of identify
 l - a scroll of torment {unknown}
 m - a scroll of enchant weapon {unknown}
Potions
 b - a potion of curing
 c - 2 potions of heal wounds
 d - a potion of haste
 e - 2 potions of magic
 f - 2 potions of berserk rage
 k - a potion of flight {unknown}
 n - 8 potions of mutation


   Skills:
 - Level 1.9 Dodging
 - Level 1.9 Stealth
 * Level 5.5 Spellcasting
 + Level 5.2 Ice Magic


You had 9 spell levels left.
You knew the following spells:

 Your Spells              Type           Power      Damage    Failure   Level
b - Frozen Ramparts       Ice            44%        1d6       4%          3
e - Freeze                Ice            88%        1d10      1%          1

Your spell library contained the following spells:

 Spells                   Type           Power      Damage    Failure   Level
 Ozocubu's Armour         Ice            22%        N/A       4%          3
 Hailstorm                Conj/Ice       13%        3d5       43%         4


Dungeon Overview and Level Annotations

Branches:
Dungeon (1/1)

Altars:


Innate Abilities, Weirdness & Mutations

You have a pair of small antennae on your head.


Message History

You now have 23 gold pieces (gained 10).
i - a scroll labelled BUIMPOTS TUSTU;
j - 2 scrolls of identify
k - a fuming golden potion
Things that are here:
2 potions of mutation; 2 potions of mutation
l - a scroll labelled QASTRA OBIUMEL;
m - a scroll labelled GELADEI WICH
f - 2 potions of berserk rage (gained 1)
Things that are here:
2 potions of mutation; 2 potions of mutation
n - 2 potions of mutation;
n - 4 potions of mutation (gained 2)
n - 6 potions of mutation (gained 2);
n - 8 potions of mutation (gained 2)
There is an open door here.
You start resting.
You open the door.
A water elemental comes into view.
Casting: Freeze (safe; 1% risk of failure)
Confirm with . or Enter, or press ? or * to list all spells.
The spell is quite dangerous to cast (4% risk of failure)!
Continue anyway?
Okay, then.
Casting: Frozen Ramparts (quite dangerous; 4% risk of failure)
Confirm with . or Enter, or press ? or * to list all spells.
The spell is quite dangerous to cast (4% risk of failure)!
Continue anyway?
Casting: Frozen Ramparts (quite dangerous; 4% risk of failure)
Press: ? - help, Dir - look around, f - activate The walls around you are covered in ice.
The wall freezes the water elemental.
The water elemental hits you!
Ouch! That really hurt!
The water elemental engulfs you in water!
Your frozen ramparts will break if you move.
Continue?
You slip free of the water engulfing you.
The frozen ramparts melt away as you move.
You gasp with relief as air once again reaches your lungs.
Casting: Frozen Ramparts (quite dangerous; 4% risk of failure)
Confirm with . or Enter, or press ? or * to list all spells.
The spell is quite dangerous to cast (4% risk of failure)!
Continue anyway?
Casting: Frozen Ramparts (quite dangerous; 4% risk of failure)
Press: ? - help, Dir - look around, f - activate The walls around you are covered in ice.
The wall freezes the water elemental.
The water elemental hits you!
You die...

▓...#......#####..#
▓..##....÷..#..#..#{
▓##.##.##...#..#..###+#+#
##.##.###..##'#..#......
▓#.####.##..###...'.⌠....
▓.###..##..####...#...###
▓#.....##..###....#.⌠.#
###..##)..##.....# ..#
##†.##...@#......# ###
#..###..##E#.....# #..#
#..#####....# ▓▓▓▓ ▓▓▓▓
▓▓▓▓▓▓


You could see a water elemental.

Vanquished Creatures
  Jessica (D)
  A human (D)
  A phantom (D)
  An endoplasm (D)
  2 rats (D)
6 creatures vanquished.

Vanquished Creatures (others)
  3 plants (D)
3 creatures vanquished.

Grand Total: 9 creatures vanquished

Notes
Turn   | Place    | Note
-------+----------+-------------------------------------------
     0 | D        | MikeHunt the Demonspawn Ice Elementalist began the quest
                  | for the Orb.
     0 | D        | Reached XP level 1. HP: 13/13 MP: 3/3
    79 | D        | Noticed Jessica
    85 | D        | Killed Jessica
    86 | D        | Gained mutation: You have a pair of small antennae on your
                  | head. [demonic ancestry]
    86 | D        | Reached XP level 2. HP: 13/19 MP: 1/7
    86 | D        | Reached XP level 3. HP: 17/24 MP: 1/9
   135 | D        | Learned a level 3 spell: Frozen Ramparts
   148 | D        | Reached skill level 5 in Spellcasting
   148 | D        | Reached skill level 5 in Ice Magic
   371 | D        | Noticed a water elemental
   381 | D        | Slain by a water elemental

Illustrated notes

Levels and vault maps discovered:
D:        dungeon_sprint_mu [sprint_mu_entry_cave, sprint_mu_temple_rooms,
          sprint_mu_d1_horrors, sprint_mu_d2_genie, sprint_mu_d3_branching,
          sprint_mu_orc_legion, sprint_mu_elf_gauntlet, sprint_mu_hive_nellie,
          sprint_mu_lair_fedhas, sprint_mu_vaults_butterflies,
          sprint_mu_slime_circle, sprint_mu_swamp_cave, sprint_mu_snake_twists,
          sprint_mu_blade_basic, sprint_mu_crypt_fortress,
          sprint_mu_tomb_spiral, sprint_mu_vestibule_basic,
          sprint_mu_gehenna_hellfire, sprint_mu_dis_giant,
          sprint_mu_tartarus_statrot, sprint_mu_cocytus_islands, sprint_mu_zot1]

Skill      XL: |  1  2  3 |
---------------+----------+-----
Spellcasting   | 4 5 |  5.5
Ice Magic      | 4 5 |  5.2
Dodging        | |  1.9
Stealth        | |  1.9

Action                   || total
-------------------------++-------
Melee: Dagger            ||     6
 Cast: Freeze            ||    15
       Frozen Ramparts   ||     4
  Use: Potion            ||     1
Armor: Robe              ||     2
Dodge: Dodged            ||     9

Table legend: (Time is in decaauts)
 A = Elapsed time spent in this place.
 B = Non-inter-level travel time spent in this place.
 C = Inter-level travel time spent in this place.
 D = Time resting spent in this place.
 E = Time spent auto-exploring this place.
 F = Levels seen in this place.
 G = Mean time per level.
                   A        B        C        D        E       F      G
               +--------+--------+--------+--------+--------+-----+--------+
         Total |    380 |    380 |      0 |    262 |      0 |   1 |  380.0 |
       Dungeon |    380 |    380 |      0 |    262 |      0 |   1 |  380.0 |
               +--------+--------+--------+--------+--------+-----+--------+

Top non-repeatable levels by time:
       D: 380 daAuts
